Map: [ESL] Data-C

Players

Scarlett - Winner!

  • Race: Zerg Zerg
  • Spawn Location: 3:00

DisK

  • Race: Protoss Protoss
  • Spawn Location: 9:00

Event: DreamHack SC2 Masters 2022 Atlanta (Online)

VOD

Have the link to the VOD?

Description

Time

  • Played on: Oct. 14, 2022, 5:53 p.m.
  • Length: 9:32

All games in this series

Show
View Real Time Build Order
Export as new Build Order

Scarlett Zerg - Winner!

Build Orders: 3 Hatch before Pool 

Get SALT Encoding   

  12  0:00  Drone  
  13  0:12  Overlord  
  13  0:17  Drone  
  14  0:30  Drone  
  14  0:31  Drone  
  14  0:34  Drone  
  17  0:52  Hatchery  
  16  0:57  Drone  
  17  1:15  Hatchery  
  16  1:20  Drone  
  16  1:23  Drone  
  18  1:34  Extractor  
  18  1:37  Spawning Pool  
  16  1:41  Drone  
  16  1:44  Drone  
  18  1:48  Drone  
  20  1:56  Drone  
  21  2:06  Drone  
  22  2:10  Drone  
  22  2:15  Drone  
  24  2:17  Drone  
  24  2:20  Hatchery  
  24  2:25  Queen  
  24  2:26  Queen  
  28  2:32  Overlord  
  28  2:37  Metabolic Boost  
  28  2:43  Zergling x2, Extractor  
  29  2:50  Zergling x2  
  29  2:51  Overlord  
  30  2:52  Drone x2  
  30  2:57  Drone  
  33  2:59  Drone  
  33  3:03  Queen  
  36  3:11  Queen  
  38  3:13  Drone  
  38  3:18  Drone x2  
  41  3:28  Overlord  
  41  3:34  Drone  
  42  3:35  Drone x7  
  49  3:44  Drone, Overlord  
  49  3:46  Queen  
  52  3:54  Queen  
  52  3:55  Spore Crawler  
  53  3:56  Overlord  
  53  3:59  Drone x2  
  53  4:02  Drone  
  56  4:03  Drone  
  56  4:06  Drone x2  
  56  4:08  Drone  
  60  4:11  Drone  
  61  4:18  Roach Warren  
  61  4:19  Drone x4  
  61  4:22  Drone x2  
  66  4:28  Drone x2  
  66  4:29  Extractor x2, Overlord  
  66  4:31  Zergling x2  
  66  4:36  Zergling x2  
  66  4:37  Spore Crawler  
  67  4:38  Zergling x2  
  67  4:39  Zergling x4, Spore Crawler  
  67  4:42  Zergling x4  
  71  4:47  Zergling x8  
  71  4:50  Lair  
  73  4:54  Drone x2  
  74  5:10  Overlord x6  
  74  5:27  Evolution Chamber  
  73  5:29  Drone x9  
  73  5:32  Roach  
  84  5:37  Roach x4  
  92  5:45  Drone x2  
  92  5:47  Extractor  
  92  5:49  Extractor  
  92  5:50  Glial Reconstitution, Extractor  
  92  5:53  Overseer  
  92  5:54  Zerg Missile Weapons Level 1  
  92  5:55  Overseer  
  91  5:57  Drone x4  
  91  5:58  Hatchery  
  91  6:00  Drone x2  
  93  6:13  Drone x7  
  93  6:17  Infestation Pit  
  99  6:25  Drone x4, Overlord  
  103  6:43  Drone x4  
  103  6:44  Drone x5  
  114  6:47  Roach x3  
  114  6:49  Overseer  
  114  6:52  Roach  
  114  6:53  Ravager x3  
  114  6:54  Ravager x2  
  125  6:55  Hatchery, Overlord x2  
  125  6:59  Zergling x6  
  127  7:02  Hive  
  127  7:09  Overlord x3  
  125  7:17  Roach x5  
  133  7:25  Roach, Overlord x2  
  134  7:30  Overlord x2  
  134  7:31  Roach x3  
  134  7:35  Roach x2  
  141  7:38  Roach x2  
  141  7:42  Roach x2  
  148  7:47  Roach x3, Extractor x2  
  150  7:56  Roach x4  
  152  7:58  Roach  
  152  8:01  Roach x4  
  142  8:06  Roach  
  142  8:10  Roach  
  133  8:17  Roach x4  
  134  8:28  Roach x3  
  134  8:29  Roach x3  
  134  8:33  Viper  
  143  8:38  Zergling x10  
  148  8:41  Viper  
  151  8:55  Hatchery  
  150  8:56  Roach x9  
  150  9:00  Roach x2  
  172  9:06  Roach x2  
Show
View Real Time Build Order
Export as new Build Order

DisK Protoss 

Build Orders: Colossus Rush 

Get SALT Encoding   

  12  0:00  Probe  
  13  0:12  Probe  
  14  0:19  Pylon  
  14  0:24  Probe  
  15  0:37  Gateway  
  15  0:39  Probe (Chrono Boost)  
  16  0:48  Probe (Chrono Boost), Assimilator  
  17  0:53  Probe (Chrono Boost)  
  18  1:05  Probe  
  19  1:17  Probe  
  20  1:25  Zealot (Chrono Boost)  
  22  1:26  Cybernetics Core  
  22  1:28  Pylon  
  22  1:29  Probe  
  23  2:07  Probe  
  24  2:12  Nexus  
  24  2:15  Assimilator  
  24  2:16  Adept (Chrono Boost)  
  26  2:23  Probe  
  26  2:27  Warp Gate  
  27  2:35  Probe, Pylon  
  28  2:45  Stalker  
  28  2:47  Probe  
  31  2:59  Robotics Facility, Probe  
  32  3:11  Probe  
  33  3:25  Gateway  
  33  3:26  Probe  
  33  3:27  Probe  
  35  3:39  Probe (Chrono Boost)  
  37  3:43  Probe (Chrono Boost)  
  37  3:45  Warp Prism (Chrono Boost)  
  37  3:49  Robotics Bay  
  37  3:52  Probe (Chrono Boost)  
  37  3:53  Probe (Chrono Boost)  
  41  4:01  Probe  
  42  4:03  Probe, Assimilator  
  42  4:04  Assimilator  
  43  4:13  Probe  
  43  4:15  Observer, Probe  
  46  4:17  Adept  
  48  4:25  Probe  
  48  4:26  Pylon  
  48  4:27  Probe  
  50  4:32  Disruptor (Chrono Boost)  
  50  4:36  Gravitic Drive  
  50  4:37  Probe  
  54  4:43  Pylon  
  54  4:44  Probe  
  55  4:49  Probe  
  56  4:56  Probe  
  57  5:00  Gateway  
  57  5:01  Disruptor, Probe  
  57  5:02  Gateway  
  61  5:18  Pylon  
  60  5:22  Stalker x2  
  60  5:24  Probe  
  60  5:25  Probe  
  66  5:31  Pylon  
  66  5:37  Nexus  
  66  5:41  Colossus (Chrono Boost)  
  66  5:47  Sentry  
  66  5:49  Sentry  
  76  5:56  Gateway  
  76  5:58  Gateway  
  76  6:04  Gateway  
  76  6:14  Sentry x2  
  76  6:15  Sentry  
  76  6:16  Sentry  
  84  6:19  Pylon  
  84  6:32  Pylon  
  84  6:33  Pylon  
  84  6:41  Stalker  
  84  6:42  Stalker x3  
  92  6:52  Stalker x2  
  96  7:03  Stalker  
  96  7:06  Stalker x3  
  96  7:07  Stalker  
  106  7:22  Stalker x2  
  107  7:29  Stalker x4  
  115  7:35  Pylon  
  80  8:16  Stalker x7  
  80  8:17  Warp Prism (Chrono Boost)  
  68  8:40  Stalker x3  
  68  8:41  Stalker x4  
  82  8:45  Observer (Chrono Boost)  
  83  9:05  Stalker x5  
  83  9:06  Zealot  
Tags
 
Add a new tag
Caveats
  • Supply blocks, unpowered buildings, or Contaminate may cause inaccurate times.
  • Supply counts are checked every 10 seconds.